 Dungeon Crawl Stone Soup version 0.22-a0-567-gff9aefc (webtiles) character file.

3390 Hebeh the Cleaver (level 9, -1/82 HPs)
             Began as a Minotaur Fighter on June 29, 2018.
             Was a Follower of Trog.
             Slain by a two-headed ogre
             ... wielding a +0 giant spiked club
              (15 damage)
             ... on level 8 of the Dungeon.
             The game lasted 00:16:40 (6716 turns).

Hebeh the Cleaver (Minotaur Fighter)                Turns: 6716, Time: 00:16:40

Health: -1/82      AC: 14    Str: 24    XL:     9   Next: 74%
Magic:  8/8        EV:  7    Int:  5    God:    Trog [*.....]
Gold:   391        SH: 11    Dex: 10    Spells: 8/8 levels left

rFire    . . .     SeeInvis .   a - +0 war axe
rCold    . . .     Gourm    .   c - +0 shield
rNeg     + . .     Faith    .   y - +2 chain mail {rN+}
rPois    .         Spirit   .   (helmet restricted)
rElec    .         Reflect  .   (no cloak)
rCorr    .         Harm     .   (no gloves)
MR       ++...                  b - +0 pair of boots
Stlth    ..........             (no amulet)
HPRegen  0.23/turn              I - ring of protection from magic
MPRegen  0.11/turn              B - ring of protection from magic

@: no status effects
A: retaliatory headbutt, horns 2
a: Berserk, Renounce Religion


You were on level 8 of the Dungeon.
You worshipped Trog.
Trog was aware of your devotion.
You were not hungry.

You visited 1 branch of the dungeon, and saw 8 of its levels.

You collected 391 gold pieces.

Inventory:

Hand Weapons
 a - a +0 war axe (weapon)
Armour
 b - a +0 pair of boots (worn)
 c - a +0 shield (worn)
 y - a +2 chain mail of positive energy (worn)
Jewellery
 B - a ring of protection from magic (right hand)
 D - an uncursed ring of flight
 I - a ring of protection from magic (left hand)
Wands
 n - a wand of scattershot (3)
 t - a wand of iceblast (4)
 E - a wand of acid (9)
Scrolls
 e - 11 scrolls of identify {unknown}
 g - a scroll of enchant weapon {unknown}
 i - a scroll of fog {unknown}
 j - 2 scrolls of remove curse
 l - 2 scrolls of amnesia {unknown}
 p - a scroll of immolation {unknown}
 u - 2 scrolls of teleportation {unknown}
 v - a scroll of fear {unknown}
 x - 2 scrolls of random uselessness {unknown}
 C - a scroll of enchant armour {unknown}
Potions
 d - 4 potions of might
 h - 2 potions of flight {unknown}
 k - 2 potions of lignification {unknown}
 m - 3 potions of haste {unknown}
 o - a potion of resistance {unknown}
 q - 2 potions of mutation {unknown}
 r - a potion of degeneration {unknown}
 s - a potion of invisibility {unknown}
 w - 3 potions of agility {unknown}
 z - 2 potions of curing {unknown}
 A - a potion of berserk rage {unknown}
 G - a potion of brilliance {unknown}
Comestibles
 f - 16 rations
 F - 6 chunks of flesh


   Skills:
 + Level 8.3 Fighting
 * Level 10.7 Axes
 + Level 8.3 Armour
 + Level 8.2 Shields


You had 8 spell levels left.
You didn't know any spells.
Your spell library was empty.

Dungeon Overview and Level Annotations

Branches:
Dungeon (8/15)             Temple (0/1) D:6
   Lair: D:8-11

Altars:
Cheibriados
Dithmenos
Kikubaaqudgha
Makhleb
Trog
Vehumet
Wu Jian
Beogh

Shops:
D:7 =


Innate Abilities, Weirdness & Mutations

You reflexively headbutt those who attack you in melee.
You have a pair of horns on your head.


Message History

You are too injured to fight recklessly!
You are too injured to fight recklessly!
You are too injured to fight recklessly!
You are too injured to fight recklessly!
You slice the hound!!
You kill the hound!
Trog accepts your kill.
Your chain mail prevents you from hitting the two-headed ogre.
The two-headed ogre hits you with a giant spiked club!
The two-headed ogre hits you with a giant club!
* * * LOW HITPOINT WARNING * * *
You slash the two-headed ogre!
The two-headed ogre is severely wounded.
The two-headed ogre hits you but does no damage.
The two-headed ogre hits you with a giant club.
* * * LOW HITPOINT WARNING * * *
You barely miss the two-headed ogre.
The two-headed ogre is severely wounded.
The two-headed ogre hits you with a giant spiked club!
You die...

... ###...... ...
........#
............
#+##..#.....#.#
............. #
......#....##.##
......O........$
###....@...?..#
#.#.......###.#
#.#.....#.....#
####.#######.###...#
#.##.........# ##
#.##.#######.#
#.##.#### #.#
#.......# #.#
#<##.##.# #.#


You could see a two-headed ogre.

Vanquished Creatures
  Grinder (D:5)
  A hippogriff (D:7)
  Sigmund (D:5)
  Eustachio (D:5)
  An ice beast (D:7)
  2 black bears (D:7)
  2 sky beasts
  3 ogres
  4 centaurs
  Blork the orc (D:5)
  3 bullfrogs (D:7)
  2 scorpions (D:6)
  A water moccasin skeleton (D:8)
  A bullfrog zombie (D:6)
  4 crimson imps
  6 hounds
  2 jellies
  A centaur skeleton (D:4)
  2 orc priests
  8 orc wizards
  2 bullfrog skeletons
  3 iguanas
  4 worker ants
  A killer bee zombie (D:7)
  3 hound skeletons
  A worker ant zombie (D:6)
  6 adders
  4 gnolls
  3 oozes
  2 adder skeletons (D:6)
  2 adder zombies
  A worm (D:2)
  2 dart slugs
  5 leopard geckos
  34 orcs
  7 bats
  5 giant cockroaches
  9 goblins
  9 hobgoblins
  6 jackals
  3 quokkas
  5 frilled lizards
  9 kobolds
  A quokka skeleton (D:7)
  8 rats
182 creatures vanquished.

Notes
Turn   | Place    | Note
-------+----------+-------------------------------------------
     0 | D:1      | Hebeh the Minotaur Fighter began the quest for the Orb.
     0 | D:1      | Reached XP level 1. HP: 19/19 MP: 0/0
    47 | D:1      | Reached skill level 3 in Axes
    47 | D:1      | Reached XP level 2. HP: 27/27 MP: 1/1
   246 | D:1      | Reached XP level 3. HP: 30/33 MP: 2/2
   933 | D:2      | Reached XP level 4. HP: 40/40 MP: 3/3
  1223 | D:2      | Found a snail-covered altar of Cheibriados.
  1383 | D:3      | Reached skill level 4 in Axes
  1864 | D:4      | Reached XP level 5. HP: 42/47 MP: 4/4
  2471 | D:4      | Reached skill level 5 in Axes
  2669 | D:4      | Noticed a sky beast
  2682 | D:4      | Killed a sky beast
  2682 | D:4      | Reached skill level 5 in Fighting
  2682 | D:4      | Reached skill level 5 in Armour
  2682 | D:4      | Reached skill level 5 in Shields
  2682 | D:4      | Reached XP level 6. HP: 13/56 MP: 5/5
  3295 | D:5      | Entered Level 5 of the Dungeon
  3312 | D:5      | Noticed Blork the orc
  3319 | D:5      | Killed Blork the orc
  3379 | D:5      | Noticed Sigmund
  3388 | D:5      | Killed Sigmund
  3388 | D:5      | Reached skill level 6 in Axes
  3388 | D:5      | Reached XP level 7. HP: 51/61 MP: 6/6
  3449 | D:5      | Found a runed door.
  3524 | D:5      | Found an ancient bone altar of Kikubaaqudgha.
  3544 | D:5      | Noticed Grinder
  3550 | D:5      | Paralysed by Grinder for 6 turns
  3564 | D:5      | Paralysed by Grinder for 5 turns
  3573 | D:5      | Paralysed by Grinder for 3 turns
  3577 | D:5      | Killed Grinder
  3577 | D:5      | Reached skill level 7 in Axes
  4081 | D:5      | Reached XP level 8. HP: 67/70 MP: 7/7
  4108 | D:5      | Noticed Eustachio
  4120 | D:5      | Killed Eustachio
  4601 | D:5      | Reached skill level 8 in Axes
  4725 | D:5      | Found a roughly hewn altar of Beogh.
  4834 | D:6      | Found a shadowy altar of Dithmenos.
  5161 | D:6      | Reached skill level 9 in Axes
  5456 | D:6      | Reached XP level 9. HP: 77/79 MP: 8/8
  5514 | D:6      | Found a burning altar of Makhleb.
  5515 | D:6      | Found a radiant altar of Vehumet.
  5651 | D:6      | Found an ornate altar of the Wu Jian Council.
  5736 | D:6      | Found a bloodstained altar of Trog.
  5740 | D:6      | Became a worshipper of Trog the Wrathful
  5823 | D:6      | Found a staircase to the Ecumenical Temple.
  6036 | D:7      | Reached skill level 10 in Axes
  6300 | D:7      | Reached * piety under Trog
  6595 | D:7      | Found Roats's Jewellery Shoppe.
  6708 | D:8      | Noticed a two-headed ogre
  6716 | D:8      | Slain by a two-headed ogre

Vault maps used:
D:1:      erik_arrival_gehennom
D:2:      nicolae_overflow_crystal_walls, first_ration,
          minmay_goblin_kobold_house
D:3:      kennysheep_doodads
D:5:      kiku_gazebo_garden_becter, st_stairs_7, lightli_church_of_beogh,
          uniq_eustachio, uniq_sigmund, uniq_blork_the_orc, uniq_grinder
D:6:      nicolae_overflow_hidden_temple,
          grunt_temple_overflow_lords_of_destruction, kennysheep_mini,
          temple_doors_ab, basic_altar, wad_floor_pattern_untrapped,
          kennysheep_big_empty_room
D:7:      serial_shops, nicolae_shop_trees
D:8:      yredelemnul_altar_generic, kennysheep_mini_moat, the_bakery,
          uniq_erica

Skill      XL: |  1  2  3  4  5  6  7  8  9 |
---------------+----------------------------+-----
Axes           | 3 4 5 6 7 9 10 | 10.7
Fighting       | 4 5 6 7 8 |  8.3
Armour         | 4 5 6 7 8 |  8.3
Shields        | 4 5 6 7 8 |  8.2

Action                   |  1- 3 |  4- 6 |  7- 9 || total
-------------------------+-------+-------+-------++-------
Melee: War axe           |    73 |   120 |   349 ||   542
       Headbutt          |     3 |    19 |    75 ||    97
  Use: Scroll            |       |     2 |       ||     2
  Eat: Chunk             |       |     5 |    11 ||    16
       Ration            |       |     1 |       ||     1
Armor: Scale mail        |    27 |    43 |       ||    70
       Chain mail        |       |     3 |   163 ||   166
Dodge: Dodged            |    15 |    28 |    69 ||   112
Block: Shield            |    34 |    69 |   200 ||   303

Table legend:
 A = Spawn XP
 B = Non-spawn XP
 C = Spawn XP percentage of total XP
 D = Spawn monster count
 E = Non-spawn monster count
 F = Spawn count percentage of total count
 G = Total turns spent on level
                    A         B        C        D         E        F      G
               +---------+---------+-------+---------+---------+-------+---------
         Total |       0 |    4843 |   0.0 |       0 |     182 |   0.0 |  6716
               +---------+---------+-------+---------+---------+-------+---------
           D:1 |       0 |      62 |   0.0 |       0 |      22 |   0.0 |   622
           D:2 |       0 |      52 |   0.0 |       0 |      25 |   0.0 |   759
           D:3 |       0 |      50 |   0.0 |       0 |      16 |   0.0 |   452
           D:4 |       0 |     330 |   0.0 |       0 |      10 |   0.0 |  1462
           D:5 |       0 |    1477 |   0.0 |       0 |      47 |   0.0 |  1537
           D:6 |       0 |    1082 |   0.0 |       0 |      25 |   0.0 |  1044
           D:7 |       0 |    1679 |   0.0 |       0 |      35 |   0.0 |   805
           D:8 |       0 |     111 |   0.0 |       0 |       2 |   0.0 |    35
               +---------+---------+-------+---------+---------+-------+---------
